Map: King Sejong Station LE

Players

Aegwynn

  • Race: Zerg Zerg
  • League: Master

Stephano - Winner!

  • Race: Zerg Zerg
  • League: Master

VOD

https://www.youtube.com/channel/UCcSgNfDNxvyisU-eCj9xyNg/playlists

Description

Time

  • Played on: Aug. 27, 2016, 1:19 a.m.
  • Length: 11:32
Show
View Real Time Build Order
Export as new Build Order

Aegwynn Zerg 

Build Orders: Hatch First, Zergling Baneling 

Get SALT Encoding   

  12  0:01  Drone  
  13  0:13  Overlord  
  13  0:18  Drone  
  14  0:31  Drone x2  
  16  0:36  Drone  
  17  0:52  Hatchery  
  17  0:55  Drone  
  17  0:58  Drone  
  17  1:01  Extractor  
  17  1:14  Spawning Pool  
  16  1:18  Drone  
  16  1:21  Drone  
  18  1:48  Drone  
  19  1:54  Hatchery  
  18  2:01  Queen  
  18  2:03  Zergling x2  
  18  2:06  Drone x2  
  23  2:17  Drone  
  23  2:19  Queen  
  26  2:23  Drone  
  26  2:27  Drone  
  28  2:35  Overlord  
  28  2:45  Metabolic Boost  
  28  2:55  Zergling x10  
  33  3:00  Overlord  
  33  3:09  Baneling Nest  
  32  3:17  Overlord  
  32  3:18  Drone x2  
  32  3:19  Drone  
  35  3:20  Zergling x2  
  35  3:25  Zergling x4  
  38  3:32  Zergling x4  
  39  3:36  Overlord  
  39  3:42  Zergling x4  
  41  3:50  Zergling x6  
  41  3:51  Zergling x2  
  41  3:53  Baneling x2  
  41  3:54  Baneling  
  45  3:55  Baneling  
  45  3:58  Zergling x2  
  46  4:03  Baneling x2  
  45  4:17  Zergling x14  
  45  4:23  Baneling x2  
  44  4:25  Zergling x2  
  44  4:26  Zergling x2  
  41  4:42  Zergling x4  
  41  4:43  Zergling x10  
  47  4:52  Zergling x2  
  47  4:53  Zergling x4  
  48  5:00  Baneling x2  
  48  5:05  Zergling x2  
  48  5:06  Zergling x8  
  53  5:12  Baneling  
  53  5:13  Baneling  
  53  5:20  Zergling x6  
  54  5:35  Baneling x2  
  43  5:40  Zergling x12  
  43  5:41  Zergling x6  
  44  5:58  Drone x4  
  44  6:00  Roach Warren  
  44  6:01  Queen  
  46  6:18  Zergling x2  
  46  6:19  Zergling x12  
  53  6:29  Overlord x2  
  53  6:33  Drone  
  53  6:37  Baneling  
  43  6:49  Zergling x16  
  44  7:08  Roach  
  44  7:09  Roach x6  
  57  7:20  Roach x2  
  57  7:21  Roach  
  63  7:23  Roach  
  63  7:29  Spine Crawler  
  64  7:37  Roach  
  59  7:40  Roach  
  59  7:42  Zergling x8  
  59  7:43  Zergling x2  
  65  7:55  Roach  
  65  8:03  Roach  
  65  8:11  Roach, Zergling x12  
  62  8:20  Roach, Zergling x2  
  62  8:21  Zergling x2  
  66  8:28  Zergling x4  
  66  8:29  Zergling x2  
  66  8:33  Zergling x4  
  71  8:40  Zergling x4  
  71  8:41  Zergling x2  
  71  8:44  Baneling  
  71  8:47  Baneling x2  
  71  8:49  Overlord  
  71  8:57  Baneling  
  57  9:19  Roach x2, Zergling x4  
  57  9:20  Zergling x14  
  67  9:33  Roach x2, Zergling x4  
  67  9:36  Zergling x2  
  66  9:43  Roach, Zergling x2  
  66  9:44  Zergling x2  
  58  9:51  Zergling x6  
  55  10:03  Roach x2  
  58  10:17  Baneling  
  58  10:18  Baneling  
  58  10:21  Drone x3  
  58  10:22  Drone  
  58  10:23  Extractor  
  58  10:25  Drone  
  58  10:26  Drone x4  
  66  10:33  Zergling x4  
  66  10:34  Zergling x2  
  69  10:42  Zergling x2  
  69  10:43  Zergling x6  
  72  10:50  Overlord  
  72  10:53  Baneling x4  
  72  11:03  Roach  
  72  11:04  Roach  
Show
View Real Time Build Order
Export as new Build Order

Stephano Zerg - Winner!

Build Orders: Hatch First 

Get SALT Encoding   

  12  0:00  Drone  
  13  0:13  Overlord  
  13  0:18  Drone  
  14  0:32  Drone x2  
  16  0:35  Drone  
  17  0:56  Hatchery  
  16  0:57  Drone  
  16  1:01  Drone  
  18  1:08  Drone  
  19  1:20  Spawning Pool  
  19  1:25  Evolution Chamber  
  17  1:27  Drone  
  17  1:31  Drone  
  19  1:34  Extractor  
  18  1:43  Drone  
  19  1:49  Evolution Chamber  
  19  1:53  Drone  
  20  2:08  Queen x2  
  20  2:09  Drone x2  
  27  2:18  Overlord  
  27  2:26  Drone  
  28  2:34  Metabolic Boost  
  28  2:36  Drone x2  
  28  2:37  Drone  
  31  2:42  Zergling x2  
  32  2:44  Queen  
  34  2:55  Hatchery  
  34  2:57  Zergling x2  
  34  2:59  Drone  
  35  3:12  Drone  
  36  3:13  Overlord  
  36  3:18  Baneling Nest  
  35  3:21  Overlord  
  35  3:30  Zergling x2  
  35  3:33  Drone x4  
  40  3:39  Zergling x6  
  43  3:44  Zergling x2  
  44  3:49  Extractor  
  44  3:51  Roach Warren  
  44  3:53  Zergling x4  
  44  3:57  Zergling x4  
  44  4:02  Zergling x6  
  48  4:05  Baneling  
  48  4:06  Baneling  
  48  4:12  Zergling x2  
  48  4:13  Zergling x6  
  37  4:24  Drone x3  
  37  4:26  Zergling x4  
  40  4:37  Zergling x6  
  40  4:38  Queen  
  39  4:53  Drone  
  39  4:54  Roach x3  
  39  4:58  Queen  
  46  5:01  Roach x3  
  52  5:10  Baneling  
  52  5:11  Baneling x2  
  52  5:13  Baneling x3  
  52  5:15  Zergling x10  
  57  5:28  Roach  
  54  5:42  Drone x4  
  52  5:49  Drone x2  
  48  5:57  Drone x2  
  48  5:58  Drone  
  51  6:09  Drone x4  
  55  6:17  Drone x2  
  57  6:23  Overlord  
  57  6:35  Baneling x2  
  57  6:37  Overlord  
  56  6:47  Drone x2  
  56  6:48  Drone  
  56  6:49  Drone x2  
  61  6:57  Zergling x2  
  61  6:58  Zergling x18  
  66  7:10  Overlord, Drone x4  
  66  7:13  Extractor  
  66  7:15  Baneling x3  
  69  7:16  Baneling  
  69  7:25  Lair  
  69  7:26  Drone x2  
  69  7:28  Drone  
  72  7:44  Hatchery  
  72  7:51  Zergling x8  
  75  8:09  Zergling x2  
  70  8:16  Drone x3  
  70  8:17  Overlord, Drone  
  64  8:25  Zergling x2  
  64  8:26  Zergling x14  
  61  8:28  Drone x2  
  61  8:29  Drone x2  
  61  8:30  Spire  
  64  8:36  Roach x3  
  64  8:37  Extractor  
  64  8:40  Baneling x2  
  69  8:41  Roach  
  69  8:46  Baneling x3  
  71  8:50  Roach x2  
  76  8:58  Roach x2  
  76  9:00  Baneling x4  
  80  9:08  Roach x2  
  80  9:09  Roach x2  
  82  9:12  Roach  
  75  9:18  Roach x3  
  75  9:21  Zergling x2  
  74  9:27  Roach x2  
  74  9:28  Roach  
  80  9:35  Roach x2  
  80  9:36  Roach  
  80  9:41  Drone x2  
  73  9:47  Drone x2, Extractor  
  73  9:48  Drone  
  73  9:49  Extractor  
  74  10:00  Mutalisk  
  76  10:08  Zergling x8  
  76  10:09  Zergling x10  
  85  10:18  Mutalisk x2  
  89  10:23  Overlord  
  89  10:24  Overlord  
  89  10:25  Overlord  
  89  10:29  Overlord  
  89  10:32  Baneling  
  89  10:33  Baneling x3  
  89  10:40  Mutalisk  
  89  10:41  Mutalisk  
  91  10:46  Mutalisk  
  91  10:48  Zergling x2  
  91  10:49  Zergling x12  
  99  11:02  Mutalisk x2  
  100  11:05  Zergling x10  
Tags
 
Add a new tag
Caveats
  • Supply blocks, unpowered buildings, or Contaminate may cause inaccurate times.
  • Supply counts are checked every 10 seconds.